 Dungeon Crawl Stone Soup version 0.23-a0-643-g9ccc95a (webtiles) character file.

135 Gorice the Slasher (level 4, -7/35 HPs)
             Began as a Demonspawn Wanderer on Dec 31, 2018.
             Killed from afar by an orc wizard (9 damage)
             ... with a puff of flame
             ... on level 3 of the Dungeon.
             The game lasted 00:06:08 (2061 turns).

Gorice the Slasher (Demonspawn Wanderer)            Turns: 2061, Time: 00:06:09

Health: -7/35      AC: 11    Str: 14    XL:     4   Next: 97%
Magic:  4/4        EV:  9    Int: 13    God:
Gold:   32         SH:  0    Dex: 12    Spells: 3/3 levels left

rFire    . . .     SeeInvis +   b - +0 falchion
rCold    . . .     Gourm    .   (no shield)
rNeg     . . .     Faith    .   a - +2 scale mail
rPois    .         Spirit   .   (no helmet)
rElec    .         Reflect  .   (no cloak)
rCorr    .         Harm     .   (no gloves)
MR       .....                  (no boots)
Stlth    ..........             (no amulet)
HPRegen  0.11/turn              i - ring of see invisible
MPRegen  0.09/turn              (no ring)

@: no status effects
A: molten scales 2
a: no special abilities


You were on level 3 of the Dungeon.
You were not hungry.

You visited 1 branch of the dungeon, and saw 3 of its levels.

You collected 32 gold pieces.

Inventory:

Hand Weapons
 b - a +0 falchion (weapon)
Missiles
 k - 4 tomahawks (quivered)
 Y - 72 stones
 Z - a throwing net {!f}
Armour
 a - a +2 scale mail (worn)
Jewellery
 i - a ring of see invisible (left hand)
Scrolls
 c - a scroll of teleportation {!r}
 e - a scroll of fear {!r}
 h - a scroll of identify
 j - a scroll of random uselessness {unknown}
Potions
 g - 2 potions of flight
Comestibles
 d - 6 rations
 f - 4 chunks of flesh


   Skills:
 - Level 3.0 Fighting
 * Level 3.6 Long Blades
   Level 1.7 Axes
 + Level 2.5 Armour
 - Level 1.0 Stealth
   Level 1.0 Shields
   Level 1.0 Evocations


You had 3 spell levels left.
You didn't know any spells.
Your spell library was empty.

Dungeon Overview and Level Annotations

Branches:
Dungeon (3/15)

Altars:


Innate Abilities, Weirdness & Mutations

You are mostly covered in molten scales. (AC +3)


Message History

Quivering
k - a tomahawk for throwing.
You see here a +0 leather armour.
Things that are here:
a +0 ring mail; an orc skeleton
Y - 71 stones (gained 1)
Y - 72 stones (gained 1)
Things that are here:
a +0 whip; an orc corpse You butcher the orc corpse.
f - 4 chunks of flesh (gained 1)
Things that are here:
a +0 whip; an orc skeleton
k - 3 tomahawks (gained 2)
k - 4 tomahawks (gained 1)
An orc wizard comes into view. It is wielding a +0 dagger.
The orc wizard moves out of view.
The orc wizard shouts!
The orc wizard barely misses you.
You miss the orc wizard.
The orc wizard hits you but does no damage.
You closely miss the orc wizard.
The orc wizard gestures at you while chanting.
You resist with some effort.
You hit the orc wizard.
The orc wizard is moderately wounded.
The orc wizard hits you but does no damage.
You hit the orc wizard.
The orc wizard is severely wounded.
The orc wizard hits you but does no damage.
You hit the orc wizard but do no damage.
The orc wizard is severely wounded.
The orc wizard points at you and mumbles some strange words.
The magic dart hits you!
* * * LOW HITPOINT WARNING * * *
Damage: 6 (max 6)
You hit the orc wizard but do no damage.
The orc wizard is severely wounded.
The orc wizard casts a spell at you.
You are confused.
Unknown command.
Okay, then.
You're too confused!
You bump into the rock wall.
The orc wizard barely misses you.
You bump into the rock wall.
The orc wizard hits you but does no damage.
You bump into the rock wall.
You feel less confused.
The orc wizard gestures at you while chanting.
The puff of flame hits you!
You die...

..#.#### #......# #. # +......#
#..#.## #......# #..#.## .......#
#..#.## .....).# #####.#.##
.......# ######.......##
.....[[############.......###..##
...........)....@o...............
.##################.......###..##
.# #(............. .#
#....<..#...>.. .#
#......##..#### .# #..........#
## #......###..... #......#
#####. #......#


You could see an orc wizard.

Vanquished Creatures
  An orc priest (D:3)
  7 adders
  A dart slug (D:2)
  A leopard gecko (D:1)
  2 orcs (D:3)
  A giant cockroach (D:1)
  3 goblins (D:1)
  6 hobgoblins
  5 jackals
  A kobold (D:3)
  6 bats
  2 frilled lizards (D:1)
  6 rats
42 creatures vanquished.

Notes
Turn   | Place    | Note
-------+----------+-------------------------------------------
     0 | D:1      | Gorice the Demonspawn Wanderer began the quest for the Orb.
     0 | D:1      | Gorice set off with the following items: a +2 scale mail, a
                  | +0 falchion, a scroll of teleportation {!r}, a ration
     0 | D:1      | Reached XP level 1. HP: 18/18 MP: 1/1
   338 | D:1      | Gained mutation: You are partially covered in molten
                  | scales. (AC +2) [demonic ancestry]
   338 | D:1      | Reached XP level 2. HP: 20/24 MP: 2/2
   543 | D:1      | Reached skill level 2 in Long Blades
   900 | D:2      | Gained mutation: You are mostly covered in molten scales.
                  | (AC +3) [demonic ancestry]
   900 | D:2      | Reached XP level 3. HP: 29/29 MP: 3/3
  1207 | D:2      | Reached skill level 2 in Armour
  1446 | D:2      | Reached XP level 4. HP: 33/35 MP: 4/4
  1707 | D:1      | Reached skill level 3 in Long Blades
  2015 | D:3      | HP: 7/35 [orc priest/nerve-wracking pain (11)]
  2016 | D:3      | HP: 3/35 [orc priest (4)]
  2055 | D:3      | HP: 2/35 [orc wizard/magic dart (6)]
  2061 | D:3      | Killed from afar by an orc wizard

Vault maps used:
D:1:      lightli_arrival_flooded_house
D:2:      first_ration, minmay_misc_feat_pillars
D:3:      grunt_temple_overflow_order_and_chaos_2, marbit_many_paths,
          minmay_box_of_dots

Skill      XL: |  1  2  3  4 |
---------------+-------------+-----
Long Blades    | 2 3 |  3.6
Armour         | 2 |  2.5
Fighting       | |  3.0
Axes           | |  1.7
Stealth        | |  1.0
Shields        | |  1.0
Evocations     | |  1.0

Action                   |  1- 3 |  4- 6 || total
-------------------------+-------+-------++-------
Melee: Falchion          |   138 |    81 ||   219
Throw: Stone             |       |     2 ||     2
  Use: Scroll            |     2 |     2 ||     4
  Eat: Chunk             |     2 |     2 ||     4
Armor: Scale mail        |   119 |    47 ||   166
Dodge: Dodged            |    98 |    36 ||   134
       Rpst.: Falchion   |    23 |     7 ||    30

Table legend:
 A = Non-vault XP
 B = Vault XP
 C = Vault XP percentage of total XP
 D = Non-vault monster count
 E = Vault monster count
 F = Vault count percentage of total count
                 A         B        C        D         E       F
            +---------+---------+-------+---------+---------+-------
      Total |     194 |       0 |   0.0 |      42 |       0 |   0.0
            +---------+---------+-------+---------+---------+-------
        D:1 |      47 |       0 |   0.0 |      22 |       0 |   0.0
        D:2 |      82 |       0 |   0.0 |      13 |       0 |   0.0
        D:3 |      65 |       0 |   0.0 |       7 |       0 |   0.0
            +---------+---------+-------+---------+---------+-------

Table legend:
 A = Turns spent in this place as a percentage of turns spent in the entire game.
 B = Non-inter-level travel turns spent in this place as a percentage of non-inter-level travel turns spent in the entire game.
 C = Inter-level travel turns spent in this place as a percentage of turns spent in this place.
 D = Turns resting spent in this place as a percentage of non-inter-level travel turns spent in this place.
 E = Turns spent auto-exploring this place as a percentage of non-inter-level travel turns spent in this place.
 F = Non-inter-level travel turns spent in this place divided by the number of levels of this place that you've seen.
                   A       B       C       D       E      F
               +-------+-------+-------+-------+-------+----------------------
         Total | 100.0 | 100.0 |   3.4 |  11.0 |  57.2 | 663.3
       Dungeon | 100.0 | 100.0 |   3.4 |  11.0 |  57.2 | 663.3
               +-------+-------+-------+-------+-------+----------------------

Vault maps used:
D:1:      lightli_arrival_flooded_house
D:2:      first_ration, minmay_misc_feat_pillars
D:3:      grunt_temple_overflow_order_and_chaos_2, marbit_many_paths,
          minmay_box_of_dots
